 Dungeon Crawl Stone Soup version 0.21.1-1-g345015f (webtiles) character file.

108 inc the Digger (level 4, 0/27 HPs)
             Began as an Octopode Earth Elementalist on June 11, 2018.
             Slain by a hobgoblin (3 damage)
             ... on level 2 of the Dungeon.
             The game lasted 00:03:21 (1715 turns).

inc the Digger (Octopode Earth Elementalist)        Turns: 1715, Time: 00:03:22

Health: 0/27       AC:  1    Str:  7    XL:     4   Next: 87%
Magic:  3/7        EV: 19    Int: 18    God:
Gold:   52         SH:  0    Dex: 17    Spells: 6/7 levels left

rFire    . . .     SeeInvis .   (no weapon)
rCold    . . .     Gourm    .   (no shield)
rNeg     . . .     Faith    .   (helmet restricted)
rPois    .         Spirit   .   (no amulet)
rElec    .         Reflect  .   (no ring)
rCorr    .         Harm     .   (no ring)
MR       .....                  (no ring)
Stlth    +++.......             (no ring)
HPRegen  0.09/turn              (no ring)
MPRegen  0.10/turn              (no ring)
                                (no ring)
                                (no ring)

@: confused, agile
A: almost no armour, stealthy swim, amphibious, 8 rings, constrict 8, camouflage
1, gelatinous body 1
a: no special abilities


You were on level 2 of the Dungeon.
You were not hungry.

You visited 1 branch of the dungeon, and saw 2 of its levels.

You collected 52 gold pieces.

Inventory:

Missiles
 b - 53 stones (quivered)
Scrolls
 a - a scroll of amnesia {unknown}
 g - a scroll of teleportation {unknown}
 i - 2 scrolls of identify {unknown}
 j - a scroll of blinking {unknown}
Potions
 e - a potion of curing {unknown}
 f - a potion of agility
 h - a potion of lignification {unknown}
 k - a potion of heal wounds {unknown}
Books
 d - a book of Geomancy

   Spells                             Type                      Level
   a - Sandblast                      Earth                        1
   b - Passwall                       Transmutation/Earth          2
   c - Stone Arrow                    Conjuration/Earth            3
   d - Petrify                        Transmutation/Earth          4
   e - Lee's Rapid Deconstruction     Earth                        5
Comestibles
 c - 3 rations
 l - a chunk of flesh


   Skills:
 - Level 2.0 Dodging
 - Level 2.6 Stealth
 - Level 2.0 Spellcasting
   Level 1.0 Transmutations
 + Level 5.4 Earth Magic


You had 6 spell levels left.
You knew the following spells:

 Your Spells              Type           Power        Failure   Level  Hunger
a - Sandblast             Erth           ###...       1%          1    #......


Dungeon Overview and Level Annotations

Branches:
Dungeon (2/15)

Altars:


Innate Abilities, Weirdness & Mutations

You cannot wear most types of armour.
You are very stealthy in the water. (Stealth+)
You are amphibious.
You can wear up to eight rings at the same time.
You can use your tentacles to constrict eight enemies at once.
Your skin changes colour to match your surroundings (Stealth+).
Your rubbery body absorbs attacks. (AC +1, EV +1)


Message History

You kill the orc priest!
The orc wizard points at you and mumbles some strange words.
You resist with some effort. The hobgoblin closely misses you.
Casting: Sandblast
Confirm with . or Enter, or press ? or * to list all spells.
You don't have enough magic to cast that spell.
The orc wizard mumbles some strange words.
The orc wizard flickers and vanishes!
Deactivating autopickup; reactivate with Ctrl-A.
Found 3 gold pieces.
You are confused.
You're too confused to move!
The hobgoblin hits you.
* * * LOW HITPOINT WARNING * * *
You bump into the rock wall.
The hobgoblin hits you.
* * * LOW HITPOINT WARNING * * *
The orc barely misses you.
It was a potion of agility.
You feel agile all of a sudden. The hobgoblin hits you.
You die...

.#.# #.##.# ###....
.#.###'##.#### #.#.###
##.#.........# #.#.###
##..†.....##.# #......
..........##.# ########
#...### .###......##.#
#......# #...# .
#......##.#####.####.# #...#
##............#.# #.###...##
#....###.###@#+####........#
#....# #.# #go...##.###[##.#
###### #.# #.)...##.###.##.#
#+# #..)†.###....##.#
#.....# ####.##.# #....†###
#.##.## #.......####......
###...............
#..##.#######.##


You could see an orc and a hobgoblin.

Vanquished Creatures
  An orc priest (D:2)
  An orc wizard (D:2)
  An adder (D:2)
  2 worms (D:2)
  A dart slug (D:1)
  A leopard gecko (D:1)
  5 orcs (D:2)
  3 giant cockroaches
  A goblin (D:2)
  6 hobgoblins
  4 jackals (D:1)
  2 kobolds (D:2)
  A bat (D:2)
  2 frilled lizards (D:1)
  3 rats
34 creatures vanquished.

Notes
Turn   | Place    | Note
-------+----------+-------------------------------------------
     0 | D:1      | inc the Octopode Earth Elementalist began the quest for the Orb.
     0 | D:1      | Reached XP level 1. HP: 11/11 MP: 3/3
   294 | D:1      | Reached XP level 2. HP: 10/17 MP: 5/5
  1310 | D:2      | Reached skill level 4 in Earth Magic
  1330 | D:2      | Reached XP level 3. HP: 21/21 MP: 1/6
  1670 | D:2      | Reached XP level 4. HP: 27/27 MP: 1/7
  1680 | D:2      | Reached skill level 5 in Earth Magic
  1715 | D:2      | Slain by a hobgoblin

Skill      XL: |  1  2  3  4 |
---------------+-------------+-----
Earth Magic    | 4 5 |  5.4
Dodging        | |  2.0
Stealth        | |  2.6
Spellcasting   | |  2.0
Transmutations | |  1.0

Action                   |  1- 3 |  4- 6 || total
-------------------------+-------+-------++-------
Melee: Unarmed           |    29 |     6 ||    35
       Constrict         |     7 |     2 ||     9
       Tentacles         |     7 |     2 ||     9
 Cast: Sandblast         |    38 |     4 ||    42
  Use: Potion            |       |     1 ||     1
 Stab: Sleeping          |     5 |       ||     5
  Eat: Chunk             |     3 |       ||     3
Armor: Skin              |     1 |     2 ||     3
Dodge: Dodged            |    21 |     7 ||    28
